 Dungeon Crawl Stone Soup version 0.31.0-11-ge490571c62 (webtiles) character file.

Game seed: 11627588794543954052

286 qw the Skirmisher (level 6, -1/36 HPs)
             Began as a Deep Elf Hunter on Feb 5, 2024.
             Slain by a kobold brigand
             ... wielding a +0 short sword
              (3 damage)
             ... in a sewer.
             The game lasted 00:00:48 (1980 turns).

qw the Skirmisher (Deep Elf Hunter)                 Turns: 1980, Time: 00:00:49

Health: -1/36      AC:  5    Str: 10    XL:     6   Next: 8%
Magic:  8/8        EV: 11    Int: 14    God:
Gold:   145        SH:  5    Dex: 18    Spells: 5/5 levels left

rFire   . . .        a - +3 shortbow
rCold   . . .        (shield currently unavailable)
rNeg    . . .        o - +0 ring mail
rPois   .            (no helmet)
rElec   .            (no cloak)
rCorr   .            (no gloves)
SInv    .            (no boots)
Will    .....        j - amulet of reflection
Stlth   +            (no ring)
HPRegen 0.26/turn    (no ring)
MPRegen 0.11/turn

%: reflection
@: lethally poisoned (-1 -> -2), about to teleport, slowed, very slow
A: no striking features
a: no special abilities


You were in a sewer.
You visited 1 branch of the dungeon, and saw 3 of its levels.
You also visited: Sewer.

You collected 145 gold pieces.


   Skills:
 - Level 2.6 Fighting
 + Level 9.0 Ranged Weapons
 - Level 2.5 Dodging
 - Level 1.2 Stealth


You had 5 spell levels left.
You didn't know any spells.
Your spell library was empty.

Inventory:

Hand Weapons
 a - a +3 shortbow (weapon)
Armour
 o - a +0 ring mail (worn)
Jewellery
 j - an amulet of reflection (around neck)
Wands
 m - a wand of roots (4)
Scrolls
 d - a scroll of teleportation
Potions
 b - a potion of might
 e - 4 potions of heal wounds
 f - a potion of cancellation
 h - a potion of attraction {unknown}
 i - a potion of lignification {unknown}
 k - a potion of haste {unknown}
 l - a potion of ambrosia {unknown}

Dungeon Overview and Level Annotations

Branches:
Dungeon (3/15)              Sewer (1/1)

Altars:
The Shining One


Message History

The arrow closely misses the kobold brigand.
You shoot an arrow. The arrow hits the kobold brigand!
The kobold brigand is heavily wounded.
You shoot an arrow.
The arrow closely misses the kobold brigand.
You shoot an arrow.
The arrow completely misses the kobold brigand.
You shoot an arrow. The arrow hits the kobold brigand.
The kobold brigand is heavily wounded.
The kobold brigand throws a curare-tipped dart.
The curare-tipped dart hits you.
You are poisoned.
You have difficulty breathing.
You feel yourself slow down.
You shoot an arrow.
The arrow closely misses the kobold brigand.
The arrow closely misses the rat.
You feel very sick.
The kobold brigand throws a curare-tipped dart.
The curare-tipped dart barely misses you.
You shoot an arrow.
The arrow hits the kobold brigand but does no damage.
The kobold brigand is heavily wounded.
You feel very sick.
You shoot an arrow.
The arrow barely misses the kobold brigand.
The arrow hits the rat!
You kill the rat!
You feel sick.
The kobold brigand hits you with a +0 short sword.
You block the kobold brigand's attack.
You shoot an arrow. The arrow misses the kobold brigand.
You feel sick.
The kobold brigand hits you with a +0 short sword!
The kobold brigand hits you with a +0 short sword.
1980 ||| READING 2 scrolls of teleportation.
As you read the scroll of teleportation, it crumbles to dust.
You feel strangely unstable.
You feel sick.
The kobold brigand hits you with a +0 short sword. x2
You die...

### .~~~~#####
#~~K@.#######
.~~~.###~~.~.~.##
.~~~~ ### #~~~~~...#
#~~~.
#~~.~.~~.####~..~
~~~~~####.~~~##...~.
~##### ##..~~~.~..~
##~~.~~~...
#~~~.~~...
#~~~~~~.\.


You could see a kobold brigand.

Vanquished Creatures
  A kobold brigand (Sewer)
  A bombardier beetle (D:3)
  Terence (D:2)
  An iguana (D:3)
  4 gnolls (D:2)
  3 adders
  A river rat (Sewer)
  A ribbon worm (Sewer)
  A dart slug (D:1)
  2 orcs (D:3)
  6 bats
  7 endoplasms
  4 giant cockroaches (D:1)
  4 goblins
  4 hobgoblins
  2 quokkas
  6 ball pythons
  3 frilled lizards
  4 kobolds (D:1)
  3 rats
59 creatures vanquished.

Notes
Turn   | Place    | Note
-------+----------+-------------------------------------------
     0 | D:1      | qw the Deep Elf Hunter began the quest for the Orb.
     0 | D:1      | Reached XP level 1. HP: 12/12 MP: 3/3
     0 | D:1      | 0 ||| qw: Version: 0.3-a-160-g6735b56
     0 | D:1      | 0 ||| qw: Game counter: 6353
     0 | D:1      | 0 ||| qw: Melee chars always use a shield: true
     0 | D:1      | 0 ||| qw: God list: Okawaru
     0 | D:1      | 0 ||| qw: Allow faded altars: false
     0 | D:1      | 0 ||| qw: Do Orc after clearing Dungeon:15 true
     0 | D:1      | 0 ||| qw: Do second Lair branch before Depths: true
     0 | D:1      | 0 ||| qw: Lair rune preference: random
     0 | D:1      | 0 ||| qw: Goals: Normal
     0 | D:1      | 0 ||| PLANNING D:1-11
   176 | D:1      | Reached skill level 6 in Ranged Weapons
   176 | D:1      | Reached XP level 2. HP: 16/16 MP: 4/4
   598 | D:1      | 598 ||| READING 3 scrolls labelled UQYFRE GIUM.
   598 | D:1      | 598 ||| ENCHANTING +0 shortbow.
   599 | D:1      | 599 ||| READING 2 scrolls of enchant weapon.
   599 | D:1      | 599 ||| ENCHANTING +1 shortbow.
   600 | D:1      | 600 ||| READING scroll of enchant weapon.
   600 | D:1      | 600 ||| ENCHANTING +2 shortbow.
   601 | D:1      | 601 ||| READING scroll labelled AKLUQE PYJACEPP.
   702 | D:1      | 702 ||| READING scroll labelled JEM TELUOCEYLO.
   702 | D:1      | 702 ||| IDENTIFYING green potion
   703 | D:1      | 703 ||| DRINKING 2 fizzy coppery potions.
   704 | D:1      | 704 ||| DROPPING scroll of butterflies.
   773 | D:2      | Reached XP level 3. HP: 20/20 MP: 5/5
   799 | D:2      | Found a glowing golden altar of the Shining One.
   803 | D:2      | Noticed Terence
   809 | D:2      | Killed Terence
   810 | D:2      | Reached skill level 7 in Ranged Weapons
   909 | D:2      | Reached XP level 4. HP: 25/25 MP: 6/6
  1126 | D:2      | Reached skill level 8 in Ranged Weapons
  1353 | D:2      | 1353 ||| READING scroll of identify.
  1353 | D:2      | 1353 ||| IDENTIFYING yellow potion
  1354 | D:2      | 1354 ||| READING 2 scrolls labelled GUOS GELAT.
  1355 | D:2      | 1355 ||| READING scroll labelled WOKYHEU ZUNAD.
  1356 | D:2      | 1356 ||| DROPPING scroll of poison.
  1358 | D:2      | 1358 ||| Stepping ~*~*~tactically~*~*~ (cloud).
  1360 | D:2      | HP: 6/25 [poisoned by you (poison gas)]
  1365 | D:2      | HP: 2/25 [poisoned by you (poison gas)]
  1492 | D:3      | 1492 ||| PLANNING SEWER
  1545 | D:3      | Reached XP level 5. HP: 29/29 MP: 7/7
  1717 | D:3      | Reached skill level 9 in Ranged Weapons
  1824 | D:3      | Found a glowing drain.
  1825 | D:3      | 1825 ||| UPGRADING to +0 ring mail.
  1835 | D:3      | 1835 ||| DROPPING +0 leather armour.
  1836 | D:3      | 1836 ||| UPGRADING to amulet of reflection.
  1841 | D:3      | 1841 ||| READING scroll of identify.
  1841 | D:3      | 1841 ||| IDENTIFYING sedimented ruby potion
  1842 | D:3      | 1842 ||| READING 3 scrolls labelled KEZOAM YM ROZA.
  1845 | D:3      | 1845 ||| READING scroll labelled LICIOF ALARUO.
  1846 | D:3      | 1846 ||| DROPPING potion of magic.
  1880 | Sewer    | Entered a sewer
  1915 | Sewer    | Reached XP level 6. HP: 34/36 MP: 8/8
  1979 | Sewer    | HP: 7/36 [kobold brigand/+0 short sword (4)]
  1980 | Sewer    | 1980 ||| READING 2 scrolls of teleportation.
  1980 | Sewer    | HP: 2/36 [kobold brigand/+0 short sword (3)]
  1980 | Sewer    | Slain by a kobold brigand

Levels and vault maps discovered:
D:1:      minmay_arrival_hallway, layout_loops_ring
D:2:      layout_loops_ring, basic_altar, uniq_terence
D:3:      layout_rooms, portal_sewer_entry_d
Sewer:    sewer_co_tree

Skill      XL: |  1  2  3  4  5 |
---------------+----------------+-----
Ranged Weapons | 6 7 8 9 |  9.0
Fighting       | 2 |  2.6
Dodging        | |  2.5
Stealth        | |  1.2

Action                     |  1- 3 |  4- 6 || total
---------------------------+-------+-------++-------
   Fire: Shortbow          |    65 |    94 ||   159
    Use: Scroll            |     5 |     7 ||    12
         Potion            |     1 |       ||     1
 Armour: Leather armour    |     9 |     3 ||    12
         Ring mail         |       |     6 ||     6
  Dodge: Dodged            |    13 |    13 ||    26
  Block: Other             |       |     1 ||     1

Table legend:
 A = Non-vault XP
 B = Vault XP
 C = Vault XP percentage of total XP
 D = Non-vault monster count
 E = Vault monster count
 F = Vault count percentage of total count
                 A         B        C        D         E       F
            +---------+---------+-------+---------+---------+-------
      Total |     230 |     179 |  43.8 |      52 |       7 |  11.9
            +---------+---------+-------+---------+---------+-------
        D:1 |      38 |       0 |   0.0 |      20 |       0 |   0.0
        D:2 |      89 |      36 |  28.8 |      17 |       1 |   5.6
        D:3 |     103 |      13 |  11.2 |      15 |       1 |   6.2
      Sewer |       0 |     130 | 100.0 |       0 |       5 | 100.0
            +---------+---------+-------+---------+---------+-------
